 Dungeon Crawl Stone Soup version bcrawl-1.40.3b (webtiles) character file.

Game seed: 3556538582081384067

167370 Mrcake the Destroyer (level 8, -17/48 HPs)
             Began as a Skeleton Conjurer on Feb 2, 2024.
             Was an Initiate of Vehumet.
             Blown up by a great orb of eyes (43 damage)
             ... with a bolt of energy
             ... created by the vengeance of Jiyva
             ... on level 6 of the Dungeon.
             The game lasted 00:55:46 (8259 turns).

Mrcake the Destroyer (Skeleton Conjurer)            Turns: 8259, Time: 00:55:46

Health: -17/48     AC:  9    Str: 20      XL:     8   Next: 51%
Magic:  0/20       EV: 12    Int: 15 (16) God:    Vehumet [......]
Gold:   532        SH:  0    Dex:  7 (9)  Spells: 22/23 levels left

rFire    . . .     GDR:     18% o - +4 quarterstaff (chaos) {BRUH}
rCold    + . .     SeeInvis .   (shield currently unavailable)
rNeg     + + +     Gourm    +   h - +2 robe {MR+} {Wow}
rPois    ∞         Faith    .   g - +2 helmet
rElec    +         Spirit   +   n - +0 cloak
rCorr    .         Reflect  .   (no gloves)
MR       ++...                  r - +0 pair of boots
Stlth    ++........             d - amulet of the gourmand {cool}
HPRegen  0.18/turn              m - ring of insulation {Bzzz}
MPRegen  0.17/turn              t - +5 ring of strength

@: no status effects
A: no food or potions, cold resistance 1, deterioration 1, negative energy
resistance 3, powered by death 1, torment resistance, unbreathing, magic shield,
sturdy frame 1, spell healing
a: Renounce Religion


You were on level 6 of the Dungeon.
You worshipped Vehumet.
Vehumet was noncommittal.
You were not hungry.

You visited 2 branches of the dungeon, and saw 8 of its levels.

You collected 532 gold pieces.

Inventory:

Hand Weapons
 o - a +4 quarterstaff of chaos (weapon) {BRUH}
Missiles
 b - 1380 stones (quivered)
Armour
 a - a +0 robe
 g - a +2 helmet (worn)
 h - a +2 robe of magic resistance (worn) {Wow}
 n - a +0 cloak (worn)
 r - a +0 pair of boots (worn)
Jewellery
 d - an amulet of the gourmand (around neck) {cool}
 m - a ring of insulation (left hand) {Bzzz}
 t - a +5 ring of strength (right hand)
Scrolls
 c - a scroll of teleportation
 k - 2 scrolls of revelation
 l - 2 scrolls of amnesia
 u - a scroll of remove curse
Potions
 f - a potion of might
 i - 2 potions of heal wounds {1i, unknown}
 j - 2 potions of berserk rage
 s - 2 potions of curing {unknown}
Comestibles
 e - 6 rations {Hell nah}


   Skills:
 + Level 4.0 Fighting
   Level 0.4 Axes
 + Level 5.0 Staves
 - Level 2.0 Dodging
 - Level 2.5 Stealth
 + Level 8.0 Spellcasting
 + Level 9.1 Conjurations


You had 22 spell levels left.
You knew the following spells:

 Your Spells              Type           Power        Failure   Level  Hunger
a - Magic Dart            Conj           ####         1%          1    N/A

Your spell library contained the following spells:

 Spells                   Type           Power        Failure   Level  Hunger
 Searing Ray              Conj           ####....     1%          2    N/A
 Iskenderun's Mystic Bla  Conj           ####....     1%          3    N/A
 Fulminant Prism          Conj/Hex       ###.......   19%         4    N/A
 Irradiate                Conj/Tmut      ###.......   45%         5    N/A

Dungeon Overview and Level Annotations

Branches:
Dungeon (7/12)             Temple (1/1) D:5
   Lair: D:7-9

Altars:
Ashenzari
Cheibriados
Dithmenos
Gozag
Hepliaklqana
Kikubaaqudgha
Lugonu
Nemelex Xobeh
Okawaru
Qazlal
Ru
Sif Muna
Trog
Uskayaw
Vehumet
Wu Jian
Xom
Yredelemnul

Shops:
D:6 [


Innate Abilities, Weirdness & Mutations

You do not eat or drink.
You are immune to poison.
Your flesh is cold resistant. (rC+)
Your body sometimes deteriorates upon taking damage.
You are immune to negative energy. (rN+++)
You regenerate a little health from kills.
You are immune to unholy pain and torment.
You can survive without breathing.
When hurt, damage is shared between your health and your magic reserves.
Your movements are slightly less encumbered by armour. (ER -2)
Casting spells heals you.


Message History

You see here a great mace.
Items here: )) [[ a +0 leather armour; a +0 club; a +0 chain mail; a +0 dagger
Things that are here:
a +0 dagger; a +0 whip You see here a pink potion.
You see here a pink potion.
i - 2 pink potions {1i} (gained 1)
The great orb of eyes turns its gaze towards you.
The great orb of eyes pulsates ominously.
The great orb of eyes gazes at you. You resist with almost no effort.
The great orb of eyes gazes at you.
You feel your power leaking away. The great orb of eyes gazes at you.
The bolt of energy hits you!! The great orb of eyes gazes at you.
The bolt of energy hits you!!!
Ouch! That really hurt!
You die...

..##.#...###......###.###
...........#..........#
#...........[........##
....#................#
.#..#...............##
.#.>.....##..##G.....#
##.##....#######.....#
...##.....# ##......##
....##....####..@.....#
...#####..#..#.......###
...#...................#
.....##..#.#..........##
...#.##.######.........###
.######..# ##..........###
## #..## #............##
### #...##
##.............#
..#######..#
#.......##....##


You could see a great orb of eyes.

Vanquished Creatures
  A glowing orange brain (D:6)
  A hungry ghost (D:5)
  A crocodile (D:6)
  A floating eye (D:6)
  3 ogres
  A bullfrog (D:5)
  2 centaurs
  A scorpion (D:3)
  Dowan (D:4)
  An orc priest (D:3)
  A crimson imp (D:5)
  A hound (D:5)
  A jelly (D:3)
  Crazy Yiuf (D:3)
  A bullfrog skeleton (D:6)
  An iguana (D:6)
  4 worker ants
  10 adders
  An ooze (D:2)
  2 adder skeletons
  4 worms
  A dart slug (D:2)
  2 leopard geckos
  10 orcs
  3 bats
  A giant cockroach (D:1)
  10 hobgoblins
  4 jackals (D:3)
  3 quokkas
  A ball python (D:1)
  A frilled lizard (D:2)
  4 goblins
  15 kobolds
  2 quokka skeletons
  5 rats
  2 fungi (D:1)
  A toadstool (D:1)
105 creatures vanquished.

Vanquished Creatures (collateral kills)
  Eustachio (D:5)
  Duvessa (D:4)
2 creatures vanquished.

Vanquished Creatures (others)
  A plant (D:2)
  2 toadstools (D:1)
3 creatures vanquished.

Grand Total: 110 creatures vanquished

Notes
Turn   | Place    | Note
-------+----------+-------------------------------------------
     0 | D:1      | Mrcake the Skeleton Conjurer began the quest for the Orb.
     0 | D:1      | Reached XP level 1. HP: 10/10 MP: 4/4
   306 | D:1      | Reached skill level 5 in Conjurations
   527 | D:1      | Reached XP level 2. HP: 15/15 MP: 6/6
  1097 | D:2      | Reached skill level 6 in Conjurations
  1097 | D:2      | Reached XP level 3. HP: 19/19 MP: 1/7
  2301 | D:3      | Found a bloodstained altar of Trog.
  2329 | D:3      | Reached XP level 4. HP: 24/24 MP: 2/9
  2477 | D:3      | Reached XP level 5. HP: 28/28 MP: 7/11
  2574 | D:3      | Found a runed door.
  2595 | D:3      | Reached skill level 7 in Conjurations
  2649 | D:3      | Found a sparkling altar of Nemelex Xobeh.
  2677 | D:3      | Became a worshipper of Nemelex Xobeh the Trickster
  2824 | D:3      | Reached skill level 5 in Spellcasting
  3132 | D:3      | Received a gift from Nemelex Xobeh
  3379 | D:3      | Noticed Crazy Yiuf
  3415 | D:3      | Killed Crazy Yiuf
  3416 | D:3      | Gained mutation: You regenerate a little health from kills.
                  | [Skeleton growth]
  3416 | D:3      | Reached XP level 6. HP: 28/32 MP: 5/14
  3674 | D:4      | Noticed Duvessa
  3674 | D:4      | Noticed Dowan
  4005 | D:4      | Killed Dowan
  4006 | D:4      | Reached skill level 1 in Staves
  4092 | D:4      | Killed Duvessa
  4093 | D:4      | Reached skill level 1 in Fighting
  4292 | D:4      | Reached * piety under Nemelex Xobeh
  4579 | D:4      | Received a gift from Nemelex Xobeh
  4615 | D:5      | Entered Level 5 of the Dungeon
  4665 | D:5      | Reached XP level 7. HP: 39/39 MP: 10/16
  4727 | D:5      | Reached skill level 8 in Conjurations
  5011 | D:5      | Noticed Eustachio
  5024 | D:5      | Noticed a hungry ghost
  5067 | D:5      | Killed a hungry ghost
  5179 | D:5      | Killed Eustachio
  5180 | D:5      | Reached XP level 8. HP: 46/46 MP: 13/18
  5498 | D:5      | Found a staircase to the Ecumenical Temple.
  5506 | Temple   | Entered the Ecumenical Temple
  6034 | Temple   | Fell from the grace of Nemelex Xobeh
  6034 | Temple   | Became a worshipper of Vehumet
  6556 | D:6      | Found a shimmering altar of Xom.
  6763 | D:6      | Found Huniuf's Armour Shop.
  6809 | D:6      | Reached skill level 9 in Conjurations
  6817 | D:6      | Reached skill level 5 in Staves
  7143 | D:6      | Noticed a great orb of eyes
  7143 | D:6      | Noticed a glowing orange brain
  7334 | D:6      | Paralysed by a floating eye for 4 turns
  7690 | D:6      | Killed a glowing orange brain
  8259 | D:6      | Blown up by a great orb of eyes

Skill      XL: |  1  2  3  4  5  6  7  8 |
---------------+-------------------------+-----
Conjurations   | 5 6 7 8 9 |  9.1
Spellcasting   | 4 5 6 7 8 |  8.0
Staves         | 2 3 5 |  5.0
Fighting       | 1 3 4 |  4.0
Axes           | |  0.4
Dodging        | |  2.0
Stealth        | |  2.5

Action                   |  1- 3 |  4- 6 |  7- 9 || total
-------------------------+-------+-------+-------++-------
Melee: Unarmed           |    66 |       |       ||    66
       Hand axe          |    20 |    17 |       ||    37
       Quarterstaff      |       |    17 |    43 ||    60
Throw: Stone             |       |     1 |       ||     1
 Cast: Magic Dart        |    78 |   106 |   130 ||   314
 Abil: Draw Summoning    |       |     3 |     2 ||     5
       Draw Escape       |       |     1 |       ||     1
       Draw Destruction  |       |       |     1 ||     1
  Use: Scroll            |     2 |    10 |     8 ||    20
Armor: Robe              |    13 |    13 |    13 ||    39
Dodge: Dodged            |    19 |    36 |    53 ||   108
